 Dungeon Crawl Stone Soup version 0.27.1-1-g398f81649c (webtiles) character file.

Game seed: 997329446601405994

10959 ZARRMARR the Covert (level 11, -5/72 HPs)
             Began as an Octopode Conjurer on Sept 10, 2021.
             Was a Follower of Sif Muna.
             Slain by a yak (11 damage)
             ... on level 9 of the Dungeon.
             The game lasted 01:02:14 (11586 turns).

ZARRMARR the Covert (Octopode Conjurer)            Turns: 11586, Time: 01:02:14

Health: -5/72      AC:  1    Str:  8    XL:     11   Next: 70%
Magic:  5/22       EV: 14    Int: 23    God:    Sif Muna [*.....]
Gold:   345        SH:  0    Dex: 10    Spells: 22/25 levels left

rFire    . . .     SeeInvis .   y - staff of conjuration
rCold    . . .     Faith    +   (no shield)
rNeg     . . .     Spirit   .   (helmet restricted)
rPois    .         Reflect  .   a - amulet of faith
rElec    .         Harm     .   (no ring)
rCorr    .         Rampage  .   (no ring)
Will     .....                  (no ring)
Stlth    +++++.....             (no ring)
HPRegen  0.22/turn              (no ring)
MPRegen  0.18/turn              (no ring)
                                (no ring)
                                (no ring)

@: about to teleport, studying Shields
A: almost no armour, amphibious, 8 rings, camouflage 1, gelatinous body 1,
(nimble swimmer 1), tentacles
a: Renounce Religion, Channel Magic


You were on level 9 of the Dungeon.
You worshipped Sif Muna.
Sif Muna was aware of your devotion.
You visited 2 branches of the dungeon, and saw 10 of its levels.
You also visited: Bailey.

You collected 345 gold pieces.

Inventory:

Hand Weapons
 i - a +2 short sword of speed
 m - a +5 dagger of speed
 t - the +3 bardiche of Rubbish {holy, Str+3 Dex-4 SInv}
   (You found it in a bailey)

   It has been blessed by the Shining One to cause great damage to the undead
   and demons.
   Str:       It affects your strength (+3).
   Dex:       It affects your dexterity (-4).
   SInv:      It lets you see invisible.
Missiles
 f - a throwing net
 u - 5 curare-tipped darts (quivered)
Magical Staves
 j - a staff of air
 y - a staff of conjuration (weapon)
Jewellery
 a - an amulet of faith (around mantle)
 l - a ring of fire
Scrolls
 g - a scroll of amnesia
 q - a scroll of brand weapon
 r - a scroll of silence
 x - 2 scrolls of identify
Potions
 b - 3 potions of curing {unknown}
 c - a potion of brilliance {unknown}
 d - a potion of invisibility {unknown}
 e - a potion of resistance {unknown}
 h - 2 potions of flight {unknown}
 k - a potion of ambrosia {unknown}
 n - 2 potions of heal wounds {unknown}
 o - a potion of cancellation {unknown}
 p - a potion of might {unknown}
 w - 2 potions of magic {unknown}


   Skills:
 + Level 6.1 Fighting
 + Level 5.3 Short Blades
 + Level 6.4 Dodging
 + Level 9.2 Stealth
 + Level 7.8 Spellcasting
 - Level 6.3 Conjurations
 + Level 6.9 Necromancy
 + Level 7.0 Transmutations


You had 22 spell levels left.
You knew the following spells:

 Your Spells              Type           Power      Damage    Failure   Level
a - Magic Dart            Conj           100%       1d8       1%          1
b - Searing Ray           Conj           100%       3d7       1%          2

Your spell library contained the following spells:

 Spells                   Type           Power      Damage    Failure   Level
 Shock                    Conj/Air       100%       1d9       1%          1
 Dazzling Flash           Conj/Hex       70%        N/A       6%          3
 Fulminant Prism          Conj/Hex       17%        3d11      19%         4
 Iskenderun's Mystic Bla  Conj/Tloc      35%        2d8       19%         4
 Call Canine Familiar     Summ           8%         N/A       22%         3
 Portal Projectile        Hex/Tloc       16%        N/A       22%         3
 Swiftness                Air            8%         N/A       22%         3
 Tukima's Dance           Hex            8%         N/A       22%         3
 Yara's Violent Unravell  Hex/Tmut       12%        3d7       43%         5
 Airstrike                Air            4%         N/A       56%         4
 Leda's Liquefaction      Hex/Erth       4%         N/A       56%         4
 Passage of Golubria      Tloc           N/A        N/A       56%         4
 Borgnjor's Revivificati  Necr           20%        N/A       100%        8
 Necromutation            Tmut/Necr      20%        N/A       100%        8
 Death's Door             Necr           20%        N/A       100%        9


Dungeon Overview and Level Annotations

Branches:
Dungeon (9/15)             Temple (1/1) D:7          Bailey (visited)
   Lair: D:8-11         Orc: D:9-12

Altars:
Ashenzari
Cheibriados
Dithmenos
Elyvilon
Fedhas
Gozag
Hepliaklqana
Makhleb
Nemelex Xobeh
Okawaru
Qazlal
Ru
Sif Muna
Trog
Uskayaw
Vehumet
Wu Jian
Xom
Yredelemnul
Zin

Shops:
D:1 (

Annotations:
D:1 exclusion: downstairs
D:5 Grinder
D:6 exclusion: downstairs
D:7 exclusions: ogre and zombie, Dowan


Innate Abilities, Weirdness & Mutations

You cannot wear most types of armour.
You are amphibious.
You can wear up to eight rings at the same time.
Your skin changes colour to match your surroundings (Stealth+).
Your rubbery body absorbs attacks. (AC +1, EV +1)
((You are camouflaged near water. (Stealth+)))
You have tentacles for arms and can constrict up to eight enemies at once.


Message History

The yak is moderately wounded.
The yak gores you!
Your Transmutations skill increases to level 7!
Casting: Searing Ray (safe; 1% risk of failure)
Confirm with . or Enter, or press ? or * to list all spells.
Restarting spell: Searing Ray (safe; 1% risk of failure)
Press: ? - help, Shift-Dir - straight line, f - yak, p - yak
Aim: a yak (moderately wounded, 90% to hit)
Okay, then.
The searing ray hits the yak!
You kill the yak!
Sif Muna accepts your kill.
The searing ray misses the yak.
The yak barely misses you.
Unknown command.
The searing ray hits the yak!
The yak is heavily wounded.
The searing ray hits the yak!
The yak is moderately wounded.
You finish channeling your searing ray.
The yak gores you.
* * * LOW HITPOINT WARNING * * *
Unknown command.
Casting: Searing Ray (safe; 1% risk of failure)
Confirm with . or Enter, or press ? or * to list all spells.
Aiming: Searing Ray (safe; 1% risk of failure)
Press: ? - help, Shift-Dir - straight line, f - yak
Aim: a yak (heavily wounded, 90% to hit)
You feel a surge of power!
The searing ray misses the yak.
The searing ray hits the yak!
The yak is severely wounded. (Press . to maintain the ray.)
The yak misses you.
As you read the scroll of teleportation, it crumbles to dust.
You feel strangely unstable. The yak gores you!
* * * LOW HITPOINT WARNING * * *
The yak gores you.
* * * LOW HITPOINT WARNING * * *
The yak gores you.
* * * LOW HITPOINT WARNING * * *
The yak gores you!
You die...

. .# .#
.# ##..#
###....#.
#.@.#....
##.Y?...#
#Y.###..#
#.Y[## .#
##†## .#
#. .# #.
. #. ..


You could see 3 yaks.

Vanquished Creatures
  Harold (D:7)
  An orc knight (Bailey)
  A troll (D:9)
  Prince Ribbit (D:7)
  3 yaks (D:9)
  A wyvern (D:8)
  Eustachio (D:6)
  A steam dragon (D:6)
  A water moccasin (D:6)
  An ice beast (D:7)
  10 orc warriors (Bailey)
  2 sky beasts (D:6)
  A necrophage (D:6)
  4 ogres
  3 centaurs
  2 phantoms
  A kobold brigand (D:6)
  4 bullfrogs
  2 scorpions (D:4)
  4 killer bees (D:7)
  7 hounds
  A bullfrog zombie (D:5)
  2 bullfrog skeletons
  2 centaur skeletons
  2 iguanas
  An orc wizard (D:6)
  13 gnolls
  A howler monkey skeleton (D:4)
  6 adders
  2 shadow imps
  A white imp (D:6)
  3 dart slugs
  29 orcs
  7 ball pythons
  8 endoplasms
  3 giant cockroaches (D:3)
  8 goblins
  4 hobgoblins
  5 jackals
  8 kobolds
  2 quokkas
  5 bats
  A frilled lizard (D:1)
  A jackal skeleton (D:4)
  A quokka skeleton (D:4)
  5 rats
173 creatures vanquished.

Vanquished Creatures (others)
  2 plants (D:5)
2 creatures vanquished.

Grand Total: 175 creatures vanquished

Notes
Turn   | Place    | Note
-------+----------+-------------------------------------------
     0 | D:1      | ZARRMARR the Octopode Conjurer began the quest for the Orb.
     0 | D:1      | Reached XP level 1. HP: 11/11 MP: 3/3
   100 | D:1      | Found Xeuck's Weapon Shoppe.
   269 | D:1      | Reached XP level 2. HP: 18/18 MP: 1/5
   314 | D:1      | Reached skill level 3 in Stealth
   761 | D:1      | Found a faded altar of an unknown god.
   820 | D:1      | Learned a level 2 spell: Searing Ray
  1063 | D:2      | Reached skill level 1 in Fighting
  1063 | D:2      | Reached XP level 3. HP: 23/23 MP: 0/6
  1379 | D:2      | Reached XP level 4. HP: 28/28 MP: 3/7
  1886 | D:2      | Reached skill level 4 in Stealth
  1886 | D:2      | Reached XP level 5. HP: 28/34 MP: 2/9
  3330 | D:4      | Noticed an ogre
  3487 | D:4      | Reached XP level 6. HP: 40/40 MP: 3/10
  4187 | D:4      | Reached skill level 5 in Stealth
  4508 | D:4      | Reached skill level 1 in Short Blades
  4508 | D:4      | Reached skill level 5 in Conjurations
  4508 | D:4      | Reached XP level 7. HP: 45/45 MP: 7/12
  5194 | D:5      | Entered Level 5 of the Dungeon
  5937 | D:6      | Reached skill level 6 in Stealth
  5937 | D:6      | Reached XP level 8. HP: 52/52 MP: 5/13
  6059 | D:6      | Found a burning altar of Makhleb.
  6059 | D:6      | Found a glowing silver altar of Zin.
  6060 | D:6      | Found a stormy altar of Qazlal.
  6138 | D:6      | Noticed Eustachio
  6990 | D:5      | Found a snail-covered altar of Cheibriados.
  7184 | D:5      | Noticed Grinder
  7349 | D:5      | Found a blossoming altar of Fedhas.
  7679 | D:6      | Reached skill level 7 in Stealth
  7679 | D:6      | Found a radiant altar of Vehumet.
  7739 | D:6      | Reached skill level 1 in Necromancy
  7739 | D:6      | Reached skill level 1 in Transmutations
  7816 | D:6      | Reached XP level 9. HP: 54/59 MP: 7/15
  8099 | D:6      | Killed Eustachio
  8100 | D:6      | Reached skill level 5 in Dodging
  8422 | D:7      | Noticed Harold
  8465 | D:7      | Noticed Dowan
  8713 | D:7      | Noticed Prince Ribbit
  9146 | D:7      | Killed Prince Ribbit
  9354 | D:7      | Reached skill level 5 in Spellcasting
  9361 | D:7      | Reached skill level 5 in Fighting
  9532 | D:7      | Reached skill level 8 in Stealth
  9554 | D:7      | Found an ornate altar of the Wu Jian Council.
  9567 | D:7      | Found a staircase to the Ecumenical Temple.
  9574 | Temple   | Entered the Ecumenical Temple
  9638 | Temple   | Became a worshipper of Sif Muna the Loreminder
  9674 | D:7      | Killed Harold
  9675 | D:7      | Reached XP level 10. HP: 54/66 MP: 11/18
  9767 | D:8      | Found a flagged portal.
  9779 | Bailey   | Entered a bailey
 10948 | Bailey   | Reached * piety under Sif Muna
 11017 | Bailey   | Reached skill level 5 in Short Blades
 11095 | Bailey   | Identified the +3 bardiche of Rubbish {holy, Str+3 Dex-4
                  | SInv}
 11097 | Bailey   | Noticed an orc knight
 11146 | Bailey   | Killed an orc knight
 11147 | Bailey   | Reached skill level 9 in Stealth
 11463 | Bailey   | Reached XP level 11. HP: 72/72 MP: 18/22
 11586 | D:9      | Slain by a yak

Illustrated notes

Levels and vault maps discovered:
D:1:      scummos_arrival_checkerplants, layout_loops_cross,
          ebering_ecumenical_altar_mist, serial_shops, nicolae_shop_crystal
D:2:      layout_loops_ring
D:3:      layout_loops_cross, chequers_serial_rivers_micro_b,
          hangedman_decor_push
D:4:      layout_layer_cave
D:5:      layout_gridville, fedhas_ov_isle_minmay, kennysheep_slug_shrine,
          uniq_grinder
D:6:      layout_loops_cross, gammafunk_temple_overflow_forgotten,
          marbit_many_paths, uniq_eustachio
D:7:      layout_loops_corners, nzn_wu_jian_council_hall,
          minmay_temple_entry_wispy, uniq_duvessa, uniq_harold,
          uniq_prince_ribbit1
D:8:      layout_rooms, mainiacjoe_overflow_brackets, enter_bailey_2
D:9:      minmay_the_grid_octo_triangle [minmay_the_grid_octo_concentric,
          minmay_the_grid_octo_prize_big_c, minmay_the_grid_octo_clover],
          layout_rooms, tso_oasis_becter
Temple:   cyrus_circular_temple

Skill      XL: |  1  2  3  4  5  6  7  8  9 10 11 |
---------------+----------------------------------+-----
Stealth        | 3 4 5 6 7 8 9 |  9.2
Fighting       | 1 2 3 4 5 6 |  6.1
Dodging        | 3 4 5 6 |  6.4
Spellcasting   | 3 4 5 7 |  7.8
Short Blades   | 1 2 3 4 5 |  5.3
Conjurations   | 5 6 |  6.3
Necromancy     | 1 3 6 |  6.9
Transmutations | 1 3 6 7 |  7.0

Action                   |  1- 3 |  4- 6 |  7- 9 | 10-12 || total
-------------------------+-------+-------+-------+-------++-------
Melee: Mace              |     7 |     9 |       |       ||    16
       Constrict         |     2 |     2 |     1 |     1 ||     6
       Tentacles         |       |     1 |     1 |       ||     2
       Dagger            |       |       |    13 |       ||    13
       Short sword       |       |       |     1 |    11 ||    12
Throw: Dart              |       |       |     1 |     5 ||     6
 Cast: Magic Dart        |    42 |    61 |    33 |    20 ||   156
       Searing Ray       |     5 |    28 |    41 |    24 ||    98
Evoke: Wand              |       |       |    13 |    12 ||    25
  Use: Scroll            |     2 |     4 |     8 |     2 ||    16
       Potion            |       |       |       |     1 ||     1
 Stab: Sleeping          |     1 |       |    10 |     9 ||    20
Armor: Skin              |       |     2 |     2 |     1 ||     5
Dodge: Dodged            |     4 |    13 |    26 |    28 ||    71
